 Dungeon Crawl Stone Soup version 0.29.0-5-ge4962eb29e (webtiles) character file.

Game seed: 606936334438077421

142 RascalDebosk the Trooper (level 5, -1/54 HPs)
             Began as an Ogre Gladiator on Aug 29, 2022.
             Slain by an orc wizard
             ... wielding a +0 dagger
              (2 damage)
             ... on level 3 of the Dungeon.
             The game lasted 00:22:23 (3366 turns).

RascalDebosk the Trooper (Ogre Gladiator)           Turns: 3366, Time: 00:22:24

Health: -1/54      AC:  3    Str: 20    XL:     5   Next: 24%
Magic:  5/5        EV: 10    Int:  9    God:
Gold:   69         SH:  0    Dex: 10    Spells: 4/4 levels left

rFire   . . .      SeeInvis .   v - +2 trident (venom)
rCold   . . .      Faith    .   (no shield)
rNeg    . . .      Spirit   .   b - +0 robe
rPois   +          Reflect  .   c - +0 hat
rElec   .          Harm     .   (no cloak)
rCorr   .          Rampage  .   (gloves unavailable)
Will    .....                   (boots unavailable)
Stlth   +.........              p - amulet of the acrobat
HPRegen 0.18/turn               r - ring of poison resistance
MPRegen 0.09/turn               (no ring)

@: no status effects
A: large, unfitting armour, tough skin 1
a: no special abilities


You were on level 3 of the Dungeon.
You visited 1 branch of the dungeon, and saw 4 of its levels.

You collected 184 gold pieces.
You spent 115 gold pieces at shops.

Inventory:

Hand Weapons
 a - a +0 war axe
 e - a +1 flail of draining
 v - a +2 trident of venom (weapon)
Missiles
 d - 3 throwing nets
 n - 2 atropa-tipped darts
 o - a large rock
 w - 10 boomerangs (quivered)
Armour
 b - a +0 robe (worn)
 c - a +0 hat (worn)
Jewellery
 p - an amulet of the acrobat (around neck)
 r - a ring of poison resistance (left hand)
Wands
 y - a wand of digging (7)
 z - a wand of mindburst (14)
Scrolls
 f - a scroll of magic mapping {unknown}
 g - a scroll of noise {unknown}
 h - 2 scrolls of enchant weapon {unknown}
 i - 5 scrolls of identify
 j - 2 scrolls of teleportation {unknown}
 k - a scroll of immolation {unknown}
 q - a scroll of amnesia {unknown}
 u - 2 scrolls of silence
Potions
 l - 3 potions of curing {unknown}
 m - a potion of haste {unknown}
 s - a potion of cancellation {unknown}
 t - a potion of berserk rage {unknown}
 x - a potion of attraction {unknown}


   Skills:
 + Level 4.2 Fighting
 + Level 3.9 Axes
 + Level 3.1 Throwing
 + Level 3.4 Dodging


You had 4 spell levels left.
You didn't know any spells.
Your spell library contained the following spells:

 Spells                   Type           Power      Damage    Failure   Level
 Sublimation of Blood     Necr           0%         N/A       52%         2
 Wereblood                Tmut           0%         N/A       52%         2
 Summon Hydra             Summ           0%         N/A       100%        7


Dungeon Overview and Level Annotations

Branches:
Dungeon (4/15)
 Temple: D:4-7

Altars:
Okawaru

Shops:
D:2 *


Innate Abilities, Weirdness & Mutations

You are too large for most types of armour.
You have tough skin. (AC +1)


Message History

You puncture the orc!
You kill the orc!
The orc hits you with a +0 short sword.
The endoplasm hits you but does no damage.
Something hits you. The orc closely misses you. Something hits you.
You puncture the endoplasm!
You kill the endoplasm!
The orc hits you but does no damage. The orc hits you with a +0 short sword.
Something hits you. x2; The endoplasm completely misses you.
The orc attacks as you move away! The orc misses you.
The orc barely misses you. Something hits you. The endoplasm freezes you.
You are frozen.
* * * LOW HITPOINT WARNING * * *
There is a stone staircase leading up here.
You see here a +0 mace.
You can't go down here!
The orc barely misses you. The orc misses you.
Something hits you but does no damage.
You hear some strange, mumbled words.
A magic dart appears from out of thin air!
The magic dart hits you!
* * * LOW HITPOINT WARNING * * *
The endoplasm completely misses you.
You climb upwards.
Reactivating autopickup.
There is a stone staircase leading down here.
Deactivating autopickup; reactivate with Ctrl-A.
You closely miss something.
You hear some strange, mumbled words.
A puff of flame appears from out of thin air!
The puff of flame hits you.
* * * LOW HITPOINT WARNING * * *
The endoplasm barely misses you. The orc misses you. Something hits you.
* * * LOW HITPOINT WARNING * * *
The orc closely misses you.
You barely miss something. Something hits you but does no damage.
The endoplasm hits you but does no damage.
The orc closely misses you. Something hits you.
You die...

#.##
#.##.##.....######..###.#..
#..###........#####.....##
#.### ##.............## #.#####
#.#
#.....#######...####.########.#
#.....# #.................#
#...†.# ###..###.....######
#.....### ##.#.......#
........########.{.##....#
#≈≈.≈≈#.##.....{@........#
#)≈.≈)#.##.....ooJ.......#
#≈≈.≈≈#..................#
#..8..#...##.......##....#
#.8_8.#...##.......##....#
#..8..#...##.......##....#
#######...##.......##....# #.#
#.....########.##....# #.#
#.....#### #.#######


You could see 2 orcs and an endoplasm.

Vanquished Creatures
  Terence (D:2)
  A gnoll (D:1)
  An adder (D:2)
  3 dart slugs
  6 orcs
  8 endoplasms
  2 giant cockroaches (D:1)
  12 goblins
  2 hobgoblins
  6 jackals (D:3)
  10 kobolds
  5 quokkas
  5 ball pythons
  7 bats
  3 frilled lizards
  6 rats
78 creatures vanquished.

Notes
Turn   | Place    | Note
-------+----------+-------------------------------------------
     0 | D:1      | RascalDebosk the Ogre Gladiator began the quest for the
                  | Orb.
     0 | D:1      | Reached XP level 1. HP: 22/22 MP: 1/1
    44 | D:1      | Reached XP level 2. HP: 14/29 MP: 2/2
    45 | D:1      | Reached skill level 3 in Fighting
   577 | D:1      | Reached XP level 3. HP: 37/37 MP: 3/3
  1256 | D:2      | Reached XP level 4. HP: 32/48 MP: 4/4
  1481 | D:2      | Noticed Terence
  1492 | D:2      | Killed Terence
  1930 | D:2      | Reached skill level 4 in Fighting
  2438 | D:2      | Found Xaenod's General Store.
  2444 | D:2      | Bought a scroll of silence for 95 gold pieces
  2444 | D:2      | Bought a scroll of identify for 20 gold pieces
  2558 | D:3      | Reached XP level 5. HP: 32/54 MP: 5/5
  2706 | D:3      | Found a faded altar of an unknown god.
  2894 | D:3      | Found an iron altar of Okawaru.
  3365 | D:3      | HP: 1/54 [something (2)]
  3366 | D:3      | Slain by an orc wizard

Illustrated notes

Levels and vault maps discovered:
D:1:      amcnicky_arrival_flooded_fountain, layout_basic,
          kennysheep_another_room
D:2:      layout_loops_ring, serial_shops,
          nicolae_shop_competitors_out_of_business, nicolae_titane, uniq_terence
D:3:      layout_basic, kennysheep_okawaru_gauntlet,
          hellmonk_ecumenical_altar_dog_temple
D:4:      layout_rooms, mainiacjoe_overflow_catwalk, minmay_temple_entry_hall,
          uniq_eustachio

Skill      XL: |  1  2  3  4 |
---------------+-------------+-----
Fighting       | 3 4 |  4.2
Dodging        | 3 |  3.4
Throwing       | 3 |  3.1
Axes           | |  3.9

Action                   |  1- 3 |  4- 6 || total
-------------------------+-------+-------++-------
Melee: War axe           |    83 |    76 ||   159
       Trident           |       |    20 ||    20
Throw: Large rock        |       |     1 ||     1
       Boomerang         |       |     7 ||     7
 Stab: Sleeping          |     1 |       ||     1
Armor: Robe              |    43 |    34 ||    77
Dodge: Dodged            |    60 |    85 ||   145
